 Dungeon Crawl Stone Soup version 0.31-a0-424-g41b3b0883d (webtiles) character file.

Game seed: 65147627898755323

1 Gargoyl the Trooper (level 1, -1/14 HPs)
             Began as a Gargoyle Berserker on July 30, 2023.
             Was a Follower of Trog.
             Slain by a jackal (3 damage)
             ... on level 1 of the Dungeon.
             The game lasted 00:00:04 (127 turns).

Gargoyl the Trooper (Gargoyle Berserker)             Turns: 127, Time: 00:00:05

Health: -1/14      AC:  4    Str: 20    XL:     1   Next: 20%
Magic:  1/1        EV: 11    Int:  7    God:    Trog [*.....]
Gold:   9          SH:  0    Dex:  9    Spells: 0/0 levels left

rFire   . . .        a - +0 hand axe
rCold   . . .        (no shield)
rNeg    + . .        b - +0 animal skin
rPois   ∞            (no helmet)
rElec   +            (no cloak)
rCorr   .            (no gloves)
SInv    .            (no boots)
Will    .....        (no amulet)
Stlth   +            (no ring)
HPRegen 0.22/turn    (no ring)
MPRegen 0.07/turn

%: no passive effects
@: no status effects
A: sickness immunity, AC +2, negative energy resistance 1, electricity
resistance, torment resistance 1, petrification resistance
a: Renounce Religion, Berserk


You were on level 1 of the Dungeon.
You worshipped Trog.
Trog was aware of your devotion.
You visited 1 branch of the dungeon, and saw 1 of its levels.

You collected 9 gold pieces.

Inventory:

Hand Weapons
 a - a +0 hand axe (weapon)
Armour
 b - a +0 animal skin (worn)
Scrolls
 c - a scroll of fog {unknown}
Potions
 d - a potion of invisibility {unknown}


   Skills:
 + Level 3.3 Fighting
 + Level 2.7 Axes
 + Level 2.2 Armour
 + Level 1.5 Dodging


You couldn't memorise any spells.
You didn't know any spells.
Your spell library was empty.

Dungeon Overview and Level Annotations

Branches:
Dungeon (1/15)

Altars:


Innate Abilities, Weirdness & Mutations

You are immune to sickness and miasma.
Your stone body is resilient. (AC +2)
You are immune to poison.
You resist negative energy. (rN+)
You are resistant to electric shocks. (rElec)
You are resistant to unholy torment.
You are immune to petrification.


Message History

The hobgoblin hits you.
You hit the hobgoblin.
You kill the hobgoblin!
Trog accepts your kill.
HP restored.
d - a lumpy ruby potion You open the door.
A rat and 4 jackals come into view.
The jackal barks! x4
Found 6 gold pieces.
There are monsters nearby!
Found a pink potion.
The jackal barely misses you.
There is an open door here.
You hit the jackal but do no damage. You barely miss the jackal.
The jackal bites you but does no damage.
The jackal bites you.
You barely miss the jackal. You hit the jackal but do no damage.
You hit the jackal.
The jackal bites you but does no damage.
The jackal closely misses you. The jackal barely misses you.
The jackal bites you but does no damage.
The jackal bites you.
The jackal bites you but does no damage.
You barely miss the jackal. You closely miss the jackal.
You barely miss the jackal. The jackal bites you.
The jackal bites you but does no damage.
The jackal misses you. The jackal barely misses you. The jackal bites you.
The jackal closely misses you.
Unknown command.
You hit the jackal. Your punch misses the jackal.
The jackal is severely wounded.
You closely miss the jackal. You hit the jackal but do no damage.
The jackal closely misses you. The jackal barely misses you.
The jackal closely misses you.
You closely miss the jackal.
The jackal is severely wounded.
You hit the jackal but do no damage. x2; The jackal bites you.
* * * LOW HITPOINT WARNING * * *
The jackal bites you.
You die...

#########...
###...#.......
#..##...##.... #
##..##.###.... #.#
#(.......##...
##.#
#####......###.
##..###
#..########.####
##.....##hr....!
##.#...
#.......@hh.....
+......
##...#.##h......
####... #..##.#
#...... ##.#
#.....# #..... ###
##.#### #$..# ##
#.# #+## #.
#####.##### #.# #.
#.........#####.#
#.
#.###........##.##
#.


You could see 4 jackals and a rat.

Vanquished Creatures
  A hobgoblin (D:1)
1 creature vanquished.

Notes
Turn   | Place    | Note
-------+----------+-------------------------------------------
     0 | D:1      | Gargoyl the Gargoyle Berserker began the quest for the Orb.
     0 | D:1      | Reached XP level 1. HP: 14/14 MP: 1/1
   127 | D:1      | Slain by a jackal

Illustrated notes

Levels and vault maps discovered:
D:1:      dpeg_arrival_three_same_balls, layout_loops_corners

Action                     || total
---------------------------++-------
  Melee: Hand axe          ||    11
 Armour: Animal skin       ||     7
  Dodge: Dodged            ||    11

Table legend: (Time is in decaauts)
 A = Elapsed time spent in this place.
 B = Non-inter-level travel time spent in this place.
 C = Inter-level travel time spent in this place.
 D = Time resting spent in this place.
 E = Time spent auto-exploring this place.
 F = Levels seen in this place.
 G = Mean time per level.
                   A        B        C        D        E       F      G
               +--------+--------+--------+--------+--------+-----+--------+
         Total |    128 |    128 |      0 |      0 |    106 |   1 |  128.0 |
       Dungeon |    128 |    128 |      0 |      0 |    106 |   1 |  128.0 |
               +--------+--------+--------+--------+--------+-----+--------+

Top non-repeatable levels by time:
     D:1: 128 daAuts
